cohdb
Replays
Latest Replays
All Replays
Popular Replays
Top Player Replays
Match Explorer
How It Works
Community
CoH3 Stats
Reddit
Sign in to upload your games and track your stats! →
Sign in with Steam
Match 22750440
Unlisted
Match 22750440
Overview
Messages
Build Orders
End
Construct Barracks
Riflemen Squad
Selects Advanced Infantry Battlegroup
Riflemen Squad
Riflemen Squad
M1 Mortar Team
Selects Convert to Ranger Squad
Convert to Ranger Squad
Infantry Support Center
Simplify
A Sassy Badger
KoRneY
Peaky Blinders
Jonatanga
Eber
**FR4GI**ger
dreamrebel
0
0
Comments
sign in to comment!
No comments posted yet!